 Dungeon Sprint DCSS version 0.32-a0-872-g59262bdc9b (webtiles) character file.

Game seed: 18101135325192415764

2072 Conn the Destroyer (level 9, 0/63 HPs)
             Began as an Octopode Fire Elementalist on Mar 30, 2024.
             Was a High Priest of Sif Muna.
             Slain by a nagaraja
             ... wielding a +0 spear
              (24 damage)
             ... in the Dungeon (Sprint VII: "The Pits").
             The game lasted 00:11:17 (1135 turns).

Conn the Destroyer (Octopode Fire Elementalist)     Turns: 1135, Time: 00:11:18

Health: 0/63       AC:  1    Str:  7    XL:     9   Next: 26%
Magic:  6/21       EV: 15    Int: 24    God:    Sif Muna [*****.]
Gold:   0          SH:  0    Dex: 16    Spells: 11/25 levels left

rFire   . . .        g - +2 falchion (heavy)
rCold   . . .        (no shield)
rNeg    . . .        (helmet restricted)
rPois   .            (no amulet)
rElec   .            l - +3 ring of intelligence
rCorr   .            m - +3 ring of dexterity
SInv    .            (no ring)
Will    .....        (no ring)
Stlth   ++++         (no ring)
HPRegen 0.30/turn    (no ring)
MPRegen 0.17/turn    (no ring)
                     (no ring)

%: no teleportation
@: lethally poisoned (0 -> -3), mesmerised, very slightly contaminated, hasted,
invisible, very quick
A: almost no armour, amphibious, 8 rings, camouflage 1, gelatinous body 1,
(nimble swimmer 1), tentacles
a: Renounce Religion, Channel Magic, Forget Spell, Divine Exegesis


You were in the Dungeon.
You worshipped Sif Muna.
Sif Muna was extremely pleased with you.
You visited 1 branch

Inventory:

Hand Weapons
 g - a +2 heavy falchion (weapon)
Armour
 k - a +0 kite shield
Jewellery
 l - a +3 ring of intelligence (left tentacle)
 m - a +3 ring of dexterity (right tentacle)
Scrolls
 f - a scroll of blinking
 i - 2 scrolls of vulnerability
 j - 5 scrolls of amnesia
Potions
 a - 5 potions of magic
 b - 6 potions of curing
 c - 5 potions of heal wounds
 d - a potion of haste
 e - 4 potions of berserk rage
 n - 2 potions of resistance
 o - a potion of might


   Skills:
 + Level 6.6 Fighting
 + Level 2.8 Long Blades
 + Level 6.9 Dodging
 - Level 6.0 Stealth
 * Level 4.0 Shields
 * Level 8.8 Spellcasting
 * Level 9.5 Conjurations
 - Level 5.0 Hexes
 + Level 7.7 Fire Magic
 + Level 7.0 Invocations


You had 11 spell levels left.
You knew the following spells:

 Your Spells              Type           Power      Damage    Failure   Level
a - Foxfire               Conj/Fire      100%       2x1d9     1%          1
b - Scorch                Fire           94%        2d8       1%          2
c - Inner Flame           Hex/Fire       41%        N/A       1%          3
d - Flame Wave            Conj/Fire      51%        2d13      1%          4
e - Fulminant Prism       Conj/Alch      16%        3d10      9%          4

Your spell library contained the following spells:

 Spells                   Type           Power      Damage    Failure   Level
 Magic Dart               Conj           100%       1d8       1%          1
 Confusing Touch          Hex            34%        N/A       2%          3
 Volatile Blastmotes      Fire/Tloc      58%        2d14      3%          3
 Martyr's Knell           Necr/Summ      10%        N/A       52%         4
 Yara's Violent Unravell  Hex/Alch       11%        3d6       52%         5
 Spellforged Servitor     Conj/Summ      16%        N/A       100%        7
 Lehudib's Crystal Spear  Conj/Erth      16%        10d5      100%        8


Dungeon Overview and Level Annotations

Branches:
Dungeon (1/1)

Altars:
Ashenzari
Cheibriados
Dithmenos
Elyvilon
Fedhas
Gozag
Hepliaklqana
Kikubaaqudgha
Makhleb
Nemelex Xobeh
Okawaru
Qazlal
Ru
Sif Muna
Trog
Uskayaw
Vehumet
Wu Jian
Xom
Yredelemnul
Zin
The Shining One
Beogh
Jiyva
Lugonu


Innate Abilities, Weirdness & Mutations

You cannot wear most types of armour.
You are amphibious.
You can wear up to eight rings at the same time.
Your skin changes colour to match your surroundings (Stealth+).
Your rubbery body absorbs attacks. (AC +1, EV +1)
((You are camouflaged when in or above water. (Stealth+)))
You have tentacles for arms and can constrict up to eight enemies at once.


Message History

The flame wave engulfs the smoke demon.
The smoke demon resists.
The smoke demon is lightly wounded.
The flame wave engulfs the deep elf pyromancer!
The deep elf pyromancer is almost dead.
You finish channelling waves of flame.
You feel sick.
The deep elf pyromancer shouts!
The deep elf pyromancer burns!
The deep elf pyromancer dies!
The merfolk avatar chants its luring song.
The flayed ghost closely misses you.
The smoke demon misses your spellforged servitor.
The smoke demon hits your spellforged servitor but does no damage.
The smoke demon hits your spellforged servitor.
The nagaraja hits you from afar with a +0 spear!!
Your Shields skill increases to level 4!
Your Invocations skill increases to level 7!
You feel much better.
You feel sick.
Unknown command.
Casting: Flame Wave (dangerous; 1% risk of failure)
Confirm with . or Enter, or press ? or * to list all spells.
Casting: Flame Wave (dangerous; 1% risk of failure)
Press: ? - help, Dir - look around, f - activate A wave of flame ripples out!
The flame wave engulfs the flayed ghost!!
You destroy the flayed ghost!
Sif Muna accepts your kill.
The flame wave engulfs your spellforged servitor.
Your spellforged servitor completely resists.
Your spellforged servitor is moderately damaged.
The flame wave engulfs the merfolk avatar!
The merfolk avatar is severely wounded. (Press . to intensify the flame waves.)
You feel sick.
Your spellforged servitor burns!
The nagaraja hits you from afar with a +0 spear.
The merfolk avatar chants its luring song.
The smoke demon gestures at you. Something smites you!
The nagaraja hits you from afar with a +0 spear!!
You die...

.....##''# .....##..# W
.....##).# #+# ..
.<...##..# ##.## .#
.....##..# ##...## .#
.....##..####.....# .##
.....##...##....3)#...#.#
#######....'..††9mNn3.'.'
#######...##....@.#...#.#
#..[[##..####.....# .##
#..[[##..# ##...## .#
'..))##..# ##.## .#
#..))##..# #+# ..
#..))##..# . ##########


You could see a merfolk avatar (mesmerising, unable to see you, ally target), a
nagaraja (fast), a bog body (unable to see you), 2 smoke demons and a friendly
spellforged servitor (summoned, burning).

Vanquished Creatures
  A flayed ghost (D)
  A komodo dragon (D)
  A tyrant leech (D)
  A water moccasin (D)
  An ice beast (D)
  A sky beast (D)
  2 black bears (D)
  A wolf (D)
  A centaur (D)
  A gnoll sergeant (D)
  A scorpion (D)
  2 hounds (D)
  A jelly (D)
  A hell rat (D)
  3 gnolls (D)
  An adder (D)
  2 ufetubi (D)
  A dart slug (D)
  A bat skeleton (D)
  A hobgoblin (D)
  6 jackals (D)
  A kobold (D)
  A giant cockroach zombie (D)
  A goblin (D)
  A quokka zombie (D)
  A rat (D)
36 creatures vanquished.

Vanquished Creatures (collateral kills)
  A red devil (D)
  A glass eye (D)
  A quasit (D)
3 creatures vanquished.

Vanquished Creatures (others)
  A deep elf pyromancer (D)
  45 foxfires (D)
46 creatures vanquished.

Grand Total: 85 creatures vanquished

Notes
Turn   | Place    | Note
-------+----------+-------------------------------------------
     0 | D        | Conn the Octopode Fire Elementalist began the quest for the
                  | Orb.
     0 | D        | Reached XP level 1. HP: 11/11 MP: 3/3
    47 | D        | Found a glowing golden altar of the Shining One.
    47 | D        | Found a glowing silver altar of Zin.
    47 | D        | Found a basalt altar of Yredelemnul.
    47 | D        | Found a shimmering altar of Xom.
    47 | D        | Found an ornate altar of the Wu Jian Council.
    47 | D        | Found a bloodstained altar of Trog.
    47 | D        | Found a shimmering blue altar of Sif Muna.
    47 | D        | Found a sacrificial altar of Ru.
    47 | D        | Found a stormy altar of Qazlal.
    47 | D        | Found an iron altar of Okawaru.
    47 | D        | Found a sparkling altar of Nemelex Xobeh.
    47 | D        | Found a burning altar of Makhleb.
    47 | D        | Found a viscous altar of Jiyva.
    47 | D        | Found a hazy altar of Hepliaklqana.
    47 | D        | Found an opulent altar of Gozag.
    47 | D        | Found a blossoming altar of Fedhas.
    47 | D        | Found a white marble altar of Elyvilon.
    47 | D        | Found a shadowy altar of Dithmenos.
    47 | D        | Found a snail-covered altar of Cheibriados.
    48 | D        | Found a radiant altar of Vehumet.
    48 | D        | Found a corrupted altar of Lugonu.
    48 | D        | Found a roughly hewn altar of Beogh.
    49 | D        | Found an ancient bone altar of Kikubaaqudgha.
    49 | D        | Found a hide-covered altar of Uskayaw.
    49 | D        | Found a broken altar of Ashenzari.
    52 | D        | Became a worshipper of Sif Muna the Loreminder
    91 | D        | Reached XP level 2. HP: 18/18 MP: 1/5
   134 | D        | Learned a level 2 spell: Scorch
   136 | D        | Reached * piety under Sif Muna
   142 | D        | Reached skill level 1 in Invocations
   143 | D        | Reached ** piety under Sif Muna
   144 | D        | Reached skill level 2 in Conjurations
   146 | D        | Reached skill level 1 in Fighting
   146 | D        | Reached XP level 3. HP: 11/23 MP: 3/7
   219 | D        | Noticed a scorpion
   223 | D        | Noticed a black bear
   226 | D        | Killed a scorpion
   226 | D        | Reached *** piety under Sif Muna
   227 | D        | Reached skill level 3 in Conjurations
   227 | D        | Reached XP level 4. HP: 29/29 MP: 1/10
   227 | D        | Killed a black bear
   228 | D        | Reached skill level 5 in Stealth
   228 | D        | Reached skill level 4 in Conjurations
   228 | D        | Reached skill level 5 in Fire Magic
   228 | D        | Reached XP level 5. HP: 36/36 MP: 1/12
   308 | D        | Learned a level 3 spell: Inner Flame
   313 | D        | Learned a level 4 spell: Flame Wave
   314 | D        | Noticed a water moccasin
   317 | D        | Killed a water moccasin
   318 | D        | Reached skill level 5 in Spellcasting
   318 | D        | Reached skill level 5 in Conjurations
   318 | D        | Reached skill level 1 in Hexes
   318 | D        | Reached XP level 6. HP: 43/43 MP: 6/14
   320 | D        | Noticed a sky beast
   321 | D        | Reached **** piety under Sif Muna
   322 | D        | Reached skill level 6 in Conjurations
   327 | D        | Killed a sky beast
   328 | D        | Reached skill level 5 in Dodging
   328 | D        | Reached XP level 7. HP: 49/49 MP: 12/16
   364 | D        | Reached ***** piety under Sif Muna
   365 | D        | Reached skill level 7 in Conjurations
   365 | D        | Reached skill level 5 in Invocations
   418 | D        | Received a gift from Sif Muna
   419 | D        | Got Sif Muna's Encyclopedia of Mortuary Obstruction {god
                  | gift}
   427 | D        | Reached skill level 5 in Fighting
   544 | D        | Noticed a red devil
   556 | D        | Killed a red devil
   556 | D        | Noticed a glass eye
   557 | D        | Reached skill level 8 in Conjurations
   557 | D        | Reached XP level 8. HP: 41/56 MP: 1/19
   563 | D        | Killed a glass eye
   778 | D        | Noticed a komodo dragon
   783 | D        | Received a gift from Sif Muna
   786 | D        | Killed a komodo dragon
   787 | D        | Reached skill level 1 in Long Blades
   787 | D        | Got Yruwiagg's Anthology of Fulmination {god gift}
   797 | D        | Learned a level 4 spell: Fulminant Prism
   901 | D        | Noticed a tyrant leech
   901 | D        | Noticed a bog body
  1112 | D        | Noticed a flayed ghost
  1113 | D        | Noticed a merfolk avatar
  1113 | D        | Noticed a smoke demon
  1115 | D        | Noticed a smoke demon
  1121 | D        | Noticed a deep elf pyromancer
  1122 | D        | Noticed a nagaraja
  1124 | D        | Killed a tyrant leech
  1125 | D        | Reached skill level 9 in Conjurations
  1125 | D        | Reached skill level 5 in Hexes
  1125 | D        | Reached XP level 9. HP: 15/63 MP: 1/21
  1133 | D        | Killed a deep elf pyromancer
  1135 | D        | Killed a flayed ghost
  1135 | D        | Slain by a nagaraja

Illustrated notes

Levels and vault maps discovered:
D:        pitsprint [storerooms_1, entrance_room_1, metal_vault_3, armoury_1,
          mini_pit_1, grid_room_1, main_hall_1, silver_pit, the_coven_3,
          the_vestibule_1, steel_vault_5, golden_pit, hallway_of_sentries,
          crystal_vault_1, iron_vault_2, final_vault]

Skill      XL: |  1  2  3  4  5  6  7  8  9 |
---------------+----------------------------+-----
Stealth        | 3 4 5 6 |  6.0
Fire Magic     | 4 5 6 7 |  7.7
Invocations    | 1 2 3 4 5 6 7 |  7.0
Conjurations   | 2 3 4 5 6 8 9 |  9.5
Fighting       | 1 2 3 4 5 6 |  6.6
Spellcasting   | 3 4 5 6 7 8 |  8.8
Dodging        | 3 4 5 6 |  6.9
Hexes          | 1 2 4 5 |  5.0
Long Blades    | 2 |  2.8
Shields        | 3 4 |  4.0

Action                     |  1- 3 |  4- 6 |  7- 9 || total
---------------------------+-------+-------+-------++-------
  Melee: Falchion          |     8 |     2 |     6 ||    16
         Constrict         |     2 |     1 |     1 ||     4
         Tentacles         |     1 |       |     2 ||     3
   Cast: Foxfire           |     7 |     1 |    17 ||    25
         Scorch            |     3 |     4 |    16 ||    23
         Inner Flame       |       |     3 |     8 ||    11
         Flame Wave        |       |       |     6 ||     6
         Spellforged Servi |       |       |     1 ||     1
 Invoke: Channel Magic     |       |     1 |     1 ||     2
         Divine Exegesis   |       |       |     1 ||     1
    Use: Potion            |     1 |       |     8 ||     9
         Scroll            |       |       |     1 ||     1
   Stab: Sleeping          |       |       |     2 ||     2
 Armour: Skin              |    11 |       |    26 ||    37
  Dodge: Dodged            |     7 |     1 |    25 ||    33

Table legend: (Time is in decaauts)
 A = Elapsed time spent in this place.
 B = Non-inter-level travel time spent in this place.
 C = Inter-level travel time spent in this place.
 D = Time resting spent in this place.
 E = Time spent auto-exploring this place.
 F = Levels seen in this place.
 G = Mean time per level.
                   A        B        C        D        E       F      G
               +--------+--------+--------+--------+--------+-----+--------+
         Total |   1152 |   1152 |      0 |    559 |      0 |   1 | 1152.0 |
       Dungeon |   1152 |   1152 |      0 |    559 |      0 |   1 | 1152.0 |
               +--------+--------+--------+--------+--------+-----+--------+

Top non-repeatable levels by time:
       D: 1152 daAuts
